 Dungeon Crawl Stone Soup version 0.31-a0-459-gc8a9bf3d51 (webtiles) character file.

Game seed: 5551531399718058036

46 Ethylacetat the Insei (level 3, -3/20 HPs)
             Began as a Vine Stalker Monk on Aug 4, 2023.
             Slain by a goblin
             ... wielding a +0 club
             ... led by Robin
              (5 damage)
             ... on level 1 of the Dungeon.
             The game lasted 00:01:24 (704 turns).

Ethylacetat the Insei (Vine Stalker Monk)            Turns: 704, Time: 00:01:25

Health: -3/20      AC:  2    Str: 13    XL:     3   Next: 66%
Magic:  0/6        EV: 13    Int: 10    God:
Gold:   43         SH:  0    Dex: 18    Spells: 4/4 levels left

rFire   . .          .
                       - Unarmed
rCold   . . .        c - orb {light}
rNeg    . . .        a - +0 robe
rPois   .            (no helmet)
rElec   .            (no cloak)
rCorr   .            (no gloves)
SInv    .            (no boots)
Will    .....        (no amulet)
Stlth   +            (no ring)
HPRegen 0.23/turn    (no ring)
MPRegen 0.10/turn

%: guardian spirit
@: glowing
A: fangs 2, magic shield, antimagic bite, no potion heal 2
a: no special abilities


You were on level 1 of the Dungeon.
You visited 1 branch of the dungeon, and saw 2 of its levels.

You collected 43 gold pieces.

Inventory:

Armour
 a - a +0 robe (worn)
 c - an orb of light (worn)
Scrolls
 e - 2 scrolls of identify {unknown}
 g - a scroll of vulnerability {unknown}
 i - a scroll of teleportation {unknown}
 j - a scroll of immolation {unknown}
Potions
 b - a potion of ambrosia
 d - 2 potions of resistance {unknown}
 f - a potion of invisibility {unknown}
 h - a potion of magic {unknown}


   Skills:
 + Level 3.1 Fighting
 - Level 2.4 Dodging
 * Level 3.8 Unarmed Combat
 + Level 1.3 Spellcasting


You had 4 spell levels left.
You didn't know any spells.
Your spell library was empty.

Dungeon Overview and Level Annotations

Branches:
Dungeon (2/15)

Altars:

Annotations:
D:2 Robin


Innate Abilities, Weirdness & Mutations

You have extremely sharp teeth.
When hurt, damage is shared between your health and your magic reserves.
Your bite disrupts and absorbs the magic of your enemies.
Potions cannot restore your health.


Message History

You feel invigorated.
The goblin is severely wounded.
The goblin hits you but does no damage. The goblin closely misses you.
You barely miss the goblin.
The goblin is severely wounded.
The goblin hits you with a +0 club. The goblin closely misses you.
You hit the goblin.
You kill the goblin!
The goblin misses you.
You hit the goblin.
You kill the goblin!
Things that are here:
a +0 club; a goblin corpse
There is a stone staircase leading down, spattered with blood here.
You start resting.
Magic restored.
You start resting.
HP restored.
You climb downwards.
Level annotation: Robin Robin throws the goblin at you!
The goblin hits you with a +0 club.
The goblin unwields a +0 sling.
The goblin wields a +0 dagger.
The goblin hits you with a +0 dagger.
There is a stone staircase leading up, spattered with blood here.
Robin roars a battlecry!
The goblins go into a battle-frenzy!
The hobgoblin hits you. The goblin hits you but does no damage.
The goblin unwields a +0 sling.
The goblin wields a +0 club.
The goblin hits you with a +0 club. The goblin hits you with a +0 dagger.
* * * LOW HITPOINT WARNING * * *
You climb upwards.
There is a stone staircase leading down, spattered with blood here.
You hit the hobgoblin. You bite the hobgoblin.
You kill the hobgoblin!
The goblin barely misses you. x2; The goblin hits you with a +0 dagger.
* * * LOW HITPOINT WARNING * * *
You hit the goblin. You bite the goblin, but do no damage.
The goblin is severely wounded.
The goblin hits you with a +0 club. x2
You die...

......#.....##
#...........#.... ####...######
##.#.#.......#.### #.††#
#####..#.#.........###
#...#####.....................
##..............()....÷####'###
#....(........#.>.##...#.......
##...###....[.....#....#.⌠...⌠.
#...# #.....)g)..#....#.......
##### #.....)@†..#....+...⌠...
#.....gg)..#....#.......
#..........#).[.#.⌠...⌠.
#..........#....#.......
#..........#....####'###
#..........#.........#
#..........#.......).#
#..........#.........#
#############.......##


You could see 3 goblins.

Vanquished Creatures
  An adder (D:1)
  3 bats (D:1)
  4 endoplasms (D:1)
  A giant cockroach (D:1)
  7 hobgoblins (D:1)
  7 ball pythons (D:1)
  7 goblins (D:1)
  5 kobolds (D:1)
  A rat (D:1)
36 creatures vanquished.

Notes
Turn   | Place    | Note
-------+----------+-------------------------------------------
     0 | D:1      | Ethylacetat the Vine Stalker Monk began the quest for the
                  | Orb.
     0 | D:1      | Reached XP level 1. HP: 11/11 MP: 2/2
   144 | D:1      | Reached XP level 2. HP: 16/16 MP: 3/3
   324 | D:1      | Reached skill level 1 in Spellcasting
   327 | D:1      | Reached XP level 3. HP: 16/20 MP: 3/5
   580 | D:2      | Noticed Robin
   704 | D:1      | Slain by a goblin

Illustrated notes

Levels and vault maps discovered:
D:1:      shiori_shiawase, layout_rooms, minmay_fountain_box
D:2:      layout_rooms, minmay_tromino_i2, uniq_robin

Skill      XL: |  1  2 |
---------------+-------+-----
Fighting       | 3 |  3.1
Spellcasting   | 1 |  1.3
Dodging        | |  2.4
Unarmed Combat | |  3.8

Action                     || total
---------------------------++-------
  Melee: Unarmed           ||    72
         Bite              ||    19
 Armour: Robe              ||    17
  Dodge: Dodged            ||    82

Table legend: (Time is in decaauts)
 A = Elapsed time spent in this place.
 B = Non-inter-level travel time spent in this place.
 C = Inter-level travel time spent in this place.
 D = Time resting spent in this place.
 E = Time spent auto-exploring this place.
 F = Levels seen in this place.
 G = Mean time per level.
                   A        B        C        D        E       F      G
               +--------+--------+--------+--------+--------+-----+--------+
         Total |    703 |    699 |      4 |    164 |    392 |   2 |  351.5 |
       Dungeon |    703 |    699 |      4 |    164 |    392 |   2 |  351.5 |
               +--------+--------+--------+--------+--------+-----+--------+

Top non-repeatable levels by time:
     D:1: 682 daAuts
     D:2: 21 daAuts
